Map: Deathaura LE

Players

Nina - Winner!

  • Race: Protoss Protoss
  • League: Grandmaster
  • Spawn Location: 5:00

Robbie (Rob)

  • Race: Protoss Protoss
  • League: Grandmaster
  • Spawn Location: 11:00

Event: The Miserable Cup

VOD

Have the link to the VOD?

Description

Time

  • Played on: June 21, 2020, 3:57 p.m.
  • Length: 6:20

All games in this series

Show
View Real Time Build Order
Export as new Build Order

Nina Protoss - Winner!

Build Orders:  

Get SALT Encoding   

  12  0:00  Probe  
  13  0:12  Probe  
  14  0:17  Pylon  
  14  0:24  Probe  
  15  0:34  Probe  
  15  0:38  Gateway  
  15  0:42  Probe  
  16  0:48  Assimilator  
  17  0:51  Probe  
  18  1:00  Assimilator  
  18  1:03  Probe  
  19  1:10  Gateway  
  19  1:11  Probe  
  20  1:19  Probe  
  21  1:27  Cybernetics Core  
  21  1:29  Probe  
  22  1:39  Pylon  
  22  1:41  Probe  
  23  2:00  Probe  
  24  2:06  Adept x2  
  24  2:07  Warp Gate  
  27  2:12  Robotics Facility  
  27  2:13  Probe  
  28  2:22  Pylon  
  28  2:36  Stalker  
  30  2:40  Stalker, Probe  
  33  2:51  Immortal  
  33  3:00  Shield Battery  
  37  3:30  Probe  
  37  3:33  Immortal  
  36  3:39  Nexus  
  34  3:42  Probe  
  39  3:50  Pylon  
  39  3:57  Shield Battery  
  39  4:07  Warp Prism  
  39  4:08  Probe, Sentry x2  
  44  4:23  Probe  
  47  4:30  Pylon  
  47  4:35  Gateway  
  47  4:48  Probe  
  47  4:52  Observer, Sentry x2  
  53  4:53  Probe  
  54  5:00  Probe  
  54  5:01  Probe, Gateway  
  56  5:09  Probe  
  56  5:13  Probe  
  58  5:15  Stalker  
  58  5:17  Stalker  
  62  5:22  Probe  
  62  5:27  Twilight Council  
  63  5:29  Probe  
  64  5:42  Stalker x2  
  66  5:48  Stalker  
  66  6:02  Stalker  
  68  6:07  Stalker  
Show
View Real Time Build Order
Export as new Build Order

Robbie Protoss 

Build Orders:  

Get SALT Encoding   

  12  0:00  Probe  
  13  0:12  Probe  
  14  0:17  Pylon  
  14  0:24  Probe  
  15  0:32  Probe  
  15  0:38  Gateway  
  15  0:40  Probe  
  16  0:46  Assimilator  
  17  0:51  Probe  
  17  0:53  Assimilator  
  18  1:03  Probe, Gateway  
  19  1:11  Probe  
  20  1:21  Probe  
  21  1:27  Cybernetics Core  
  21  1:33  Probe  
  21  1:39  Pylon  
  22  1:45  Probe  
  23  2:01  Pylon  
  23  2:08  Stalker x2  
  27  2:11  Warp Gate  
  27  2:34  Probe  
  28  2:39  Stalker x2  
  32  2:59  Nexus  
  32  3:06  Robotics Facility  
  31  3:13  Probe  
  30  3:25  Probe  
  28  3:33  Probe  
  24  3:39  Sentry  
  24  3:40  Sentry  
  29  3:41  Probe  
  30  3:51  Probe  
  31  3:57  Immortal  
  31  4:09  Probe  
  36  4:13  Probe  
  37  4:22  Probe  
  38  4:25  Probe  
  38  4:28  Stalker  
  41  4:34  Warp Prism  
  43  4:46  Sentry  
  46  4:56  Sentry  
  49  5:01  Gateway  
  47  5:09  Stalker  
  49  5:19  Stalker  
  51  5:24  Pylon  
  46  5:39  Zealot x2  
  41  6:04  Zealot x3  
Tags
 
Add a new tag
Caveats
  • Supply blocks, unpowered buildings, or Contaminate may cause inaccurate times.
  • Supply counts are checked every 10 seconds.